Map: Cactus Valley LE (Void)

Players

HeRoMaRinE

  • Race: Terran Terran
  • Spawn Location: 11:00

Ryung - Winner!

  • Race: Terran Terran
  • Spawn Location: 5:00

Event: IEM XI Katowice - World Championship 2017

VOD

Have the link to the VOD?

Description

Time

  • Played on: March 2, 2017, 8:16 a.m.
  • Length: 10:56

All games in this series

Show
View Real Time Build Order
Export as new Build Order

HeRoMaRinE Terran 

Build Orders: Cyclone Opening, Bio Tank 

Get SALT Encoding   

  12  0:00  SCV  
  13  0:12  SCV  
  14  0:18  Supply Depot  
  14  0:25  SCV  
  15  0:29  Refinery  
  15  0:39  SCV  
  16  0:49  Barracks  
  16  0:51  SCV  
  17  1:03  SCV  
  18  1:16  SCV  
  19  1:28  SCV  
  20  1:36  Reaper  
  21  1:40  Orbital Command  
  21  1:47  Command Center  
  21  1:56  Factory  
  21  2:04  Refinery  
  21  2:05  SCV  
  22  2:09  Barracks Reactor  
  22  2:17  SCV  
  22  2:22  Supply Depot  
  24  2:44  SCV, Cyclone  
  24  2:46  Marine x2  
  29  2:55  Starport  
  29  2:56  SCV  
  30  3:00  Orbital Command  
  30  3:05  Marine x2  
  31  3:08  SCV  
  33  3:16  Factory Tech Lab  
  33  3:20  SCV  
  33  3:23  Marine x2  
  33  3:25  SCV  
  37  3:32  SCV  
  38  3:37  SCV  
  38  3:41  Marine x2  
  41  3:42  Factory Tech Lab, Raven  
  41  3:44  SCV  
  43  3:49  Supply Depot, SCV  
  43  3:52  Supply Depot  
  44  3:56  SCV  
  44  4:01  SCV  
  46  4:03  Refinery  
  46  4:11  Marine x2, Siege Tank, SCV  
  46  4:14  Supply Depot  
  46  4:15  SCV  
  53  4:23  SCV  
  54  4:24  Engineering Bay  
  54  4:27  SCV  
  55  4:34  Starport Reactor  
  55  4:35  Barracks  
  55  4:36  Barracks  
  55  4:37  SCV  
  56  4:39  SCV  
  56  4:44  Marine, Stimpack  
  58  4:47  Siege Tank  
  58  4:51  Supply Depot  
  58  4:52  SCV  
  62  4:55  SCV  
  63  5:01  Marine  
  63  5:02  Refinery  
  63  5:04  Terran Infantry Weapons Level 1, SCV  
  65  5:07  SCV  
  65  5:14  Supply Depot  
  65  5:16  SCV  
  65  5:17  Starport Reactor  
  65  5:19  Marine  
  65  5:20  Siege Tank  
  70  5:21  SCV  
  70  5:24  Marine x2  
  73  5:30  Supply Depot  
  73  5:32  Marine x2  
  75  5:37  Marine  
  75  5:39  Supply Depot  
  75  5:42  Marine x2  
  77  5:49  Marine x2  
  78  5:52  Siege Tank  
  78  5:54  Medivac x2  
  78  5:55  Marine  
  88  5:57  Supply Depot  
  88  6:00  Marine x2  
  88  6:02  Supply Depot  
  90  6:07  Marine x2  
  92  6:13  Marine  
  92  6:18  Marine x2  
  94  6:24  Siege Tank, Command Center  
  94  6:25  Marine  
  99  6:29  Marine  
  99  6:31  Marine  
  101  6:36  Marine x2  
  101  6:39  Medivac x2  
  105  6:43  Marine  
  105  6:45  Combat Shields  
  96  6:47  Marine  
  96  6:48  Marine, Supply Depot  
  96  6:53  Marine  
  99  6:59  SCV  
  99  7:00  SCV  
  101  7:02  Marine  
  102  7:08  Siege Tank  
  102  7:09  Medivac x2  
  102  7:13  SCV x2  
  111  7:16  Terran Infantry Armor Level 1  
  111  7:17  Marine  
  111  7:21  Marine x2  
  111  7:22  Marine  
  113  7:27  Marine  
  112  7:31  SCV x2  
  112  7:35  Marine  
  110  7:39  Marine x2  
  110  7:42  Orbital Command  
  110  7:44  Marine  
  113  7:46  Marine, Siege Tank  
  113  7:49  Medivac  
  116  7:56  Marine  
  116  7:57  Marine  
  116  7:58  Marine  
  91  8:10  SCV  
  91  8:11  SCV x2  
  91  8:12  Marine x2  
  96  8:16  Orbital Command  
  96  8:23  SCV x2  
  98  8:28  Marine x3, Barracks  
  98  8:29  Barracks  
  101  8:35  SCV x2  
  101  8:37  Marine x2  
  105  8:42  Medivac x2  
  105  8:46  Marine  
  105  8:47  SCV  
  107  9:00  Marine x3, Orbital Command  
  107  9:02  Marine  
  108  9:03  Marine  
  96  9:15  Medivac x2  
  100  9:18  Marine x3  
  100  9:20  Marine, Barracks Reactor  
  100  9:21  Marine, Barracks Reactor  
  105  9:35  Marine  
  105  9:36  Marine x2, Siege Tank  
  105  9:37  Marine  
  113  9:39  Marine  
  113  9:48  Missile Turret  
  113  9:53  Marine x3  
  113  9:55  Marine  
  113  9:57  Marine  
  112  10:00  Marine x4  
  112  10:01  Medivac x2  
  120  10:20  Marine x2, Siege Tank  
  120  10:21  Marine x2  
  118  10:22  Marine  
  118  10:37  Marine x2  
Show
View Real Time Build Order
Export as new Build Order

Ryung Terran - Winner!

Build Orders: Cyclone Opening, Reaper Expand, Bio Tank 

Get SALT Encoding   

  12  0:00  SCV  
  13  0:13  SCV  
  14  0:18  Supply Depot  
  14  0:25  SCV  
  15  0:29  Refinery  
  15  0:40  SCV  
  16  0:44  Barracks  
  16  0:52  SCV  
  18  1:04  SCV  
  18  1:16  SCV  
  19  1:31  Orbital Command  
  19  1:32  Reaper  
  20  1:43  Command Center  
  20  1:53  Factory  
  20  1:57  SCV  
  21  2:02  Refinery  
  21  2:06  Barracks Reactor  
  21  2:09  SCV  
  21  2:15  Supply Depot  
  22  2:21  SCV  
  23  2:36  SCV  
  24  2:38  Cyclone  
  24  2:42  Marine x2  
  29  2:49  SCV  
  30  2:57  Orbital Command, Starport  
  30  3:01  SCV  
  30  3:02  Marine  
  30  3:05  Marine  
  33  3:12  Factory Tech Lab  
  33  3:13  SCV  
  34  3:24  Marine x2, SCV  
  34  3:25  SCV  
  38  3:30  Supply Depot  
  38  3:36  SCV  
  38  3:37  Refinery  
  38  3:38  Factory Tech Lab  
  38  3:41  SCV  
  40  3:44  Raven  
  40  3:48  Marine x2, SCV  
  42  3:53  SCV  
  45  4:00  SCV  
  45  4:01  Supply Depot  
  46  4:03  Siege Tank  
  46  4:06  SCV  
  46  4:08  Marine  
  51  4:10  Marine  
  51  4:12  SCV  
  51  4:16  Supply Depot  
  53  4:18  SCV  
  54  4:24  SCV  
  54  4:30  SCV, Barracks  
  56  4:32  Barracks  
  56  4:36  Stimpack, SCV  
  57  4:42  Starport Reactor  
  57  4:43  Marine, SCV  
  59  4:48  SCV  
  59  4:49  Engineering Bay  
  60  4:53  Siege Tank  
  60  4:56  SCV  
  60  4:59  Supply Depot  
  64  5:00  SCV  
  64  5:02  Refinery  
  65  5:08  SCV  
  65  5:11  Supply Depot  
  65  5:13  SCV  
  67  5:18  Terran Infantry Weapons Level 1  
  67  5:20  Barracks Tech Lab, SCV  
  68  5:23  Marine x3  
  68  5:25  SCV  
  72  5:30  Supply Depot, Medivac x2  
  72  5:33  SCV  
  77  5:37  SCV  
  77  5:39  Marine, Combat Shields  
  79  5:43  Marine x2  
  79  5:44  Marine  
  82  5:53  Supply Depot  
  82  5:54  Siege Tank  
  82  5:55  Supply Depot  
  82  5:57  Marine  
  85  6:00  Missile Turret  
  85  6:01  Marine  
  85  6:02  Marine x2  
  89  6:04  Medivac  
  89  6:05  Medivac  
  93  6:16  Supply Depot  
  93  6:27  Supply Depot, Command Center  
  93  6:30  Marine x4  
  96  6:42  SCV x2  
  98  6:47  Siege Tank  
  98  6:50  Barracks  
  98  6:51  Barracks  
  101  6:54  Marine x2  
  101  6:55  Marine x2  
  105  7:04  Medivac x2  
  109  7:11  Armory  
  109  7:12  Terran Infantry Armor Level 1, Marine x3  
  109  7:13  Engineering Bay  
  112  7:16  Marine  
  112  7:22  SCV x2  
  112  7:30  Marine  
  112  7:34  Marine  
  112  7:35  Marine x2  
  115  7:39  Barracks Reactor  
  115  7:41  Orbital Command, Barracks Reactor  
  115  7:43  SCV  
  115  7:44  SCV  
  117  7:48  Marine  
  115  7:57  Marine x2  
  111  8:00  Marine  
  111  8:03  Siege Tank  
  111  8:05  Orbital Command  
  105  8:06  Marine  
  105  8:09  Terran Infantry Weapons Level 2  
  105  8:10  Terran Vehicle Weapons Level 1  
  102  8:13  Medivac  
  102  8:14  Marine x2, Medivac  
  102  8:15  Marine x2  
  102  8:18  Marine  
  102  8:19  SCV  
  112  8:23  Marine  
  113  8:28  Marine x2  
  113  8:30  SCV x2  
  113  8:32  Marine x2  
  119  8:34  SCV  
  119  8:37  Refinery  
  119  8:38  Refinery  
  119  8:39  Siege Tank  
  119  8:40  Sensor Tower  
  123  8:44  Viking  
  123  8:45  Viking  
  127  8:52  Marine x2  
  123  8:56  Marine x4  
  125  9:07  Orbital Command  
  125  9:09  SCV x2  
  126  9:11  Siege Tank  
  129  9:20  Marine x6  
  135  9:32  Medivac x2  
  135  9:34  SCV x2  
  135  9:36  Sensor Tower  
  141  9:44  Supply Depot x3  
  141  9:48  Refinery x2  
  141  10:02  SCV  
  141  10:05  Siege Tank  
  141  10:06  Marine x4  
  148  10:11  Marine x4  
  151  10:24  Marine x4  
  155  10:29  Marine x4  
  156  10:49  Factory  

Tags
 
Add a new tag
Caveats
  • Supply blocks, unpowered buildings, or Contaminate may cause inaccurate times.
  • Supply counts are checked every 10 seconds.